 Dungeon Sprint DCSS version 0.30-a0-358-g0d69a1922f (webtiles) character file.

Game seed: 8111099275612753440

830 rocky1 the Grappler (level 7, -11/123 HPs)
             Began as a Purple Draconian Transmuter on Nov 9, 2022.
             Was a Priest of Okawaru.
             Mangled by a guardian mummy (21 damage)
             ... in the Dungeon (Sprint V: "Ziggurat Sprint").
             The game lasted 00:02:30 (548 turns).

rocky1 the Grappler (Purple Draconian Transmuter)    Turns: 548, Time: 00:02:30

Health: -11/123    AC:  6    Str: 19    XL:     7   Next: 65%
Magic:  7/19       EV: 13    Int: 15    God:    Okawaru [***...]
Gold:   0          SH:  0    Dex: 17    Spells: 13/23 levels left

rFire   x . .      SeeInvis .      - Unarmed
rCold   + + +      Faith    .    (shield currently unavailable)
rNeg    . . .      Spirit   .    (body armour unavailable)
rPois   +          Reflect  .    (helmet currently unavailable)
rElec   .          Harm     .    (cloak currently unavailable)
rCorr   .          Rampage  .    (gloves currently unavailable)
Will    +....      NoTele   +    (boots currently unavailable)
Stlth   ..........               (no amulet)
HPRegen 0.40/turn                v - +6 ring of strength
MPRegen 0.16/turn                r - +6 ring of dexterity

@: berserking (expiring), ice-form, very slightly contaminated, slowed
A: freezing attack, amphibious, boosted hp, (breathe power), AC +6, large,
unfitting armour, (cold-blooded)
a: End Transformation, Renounce Religion, Heroism


You were in the Dungeon.
You worshipped Okawaru.
Okawaru was most pleased with you.
You were a creature of crystalline ice.
You visited 1 branch

Inventory:

Jewellery
 k - the ring of Voar Diu {Ice Stlth+}
   (You found it in the Dungeon)

   [ring of ice]

   It enhances your ice magic.
   rF:        It makes you vulnerable to fire.
   rC:        It protects you from cold.
   Stlth:     It makes you more stealthy.
 q - a ring of flight
 r - a +6 ring of dexterity (right front paw)
 s - a +6 ring of dexterity
 t - a +6 ring of intelligence
 u - a +6 ring of intelligence
 v - a +6 ring of strength (left front paw)
 w - a +6 ring of strength
Wands
 x - a wand of mindburst (7)
 y - a wand of iceblast (7)
 z - a wand of acid (7)
Scrolls
 g - 4 scrolls of blinking
 m - 4 scrolls of amnesia
 n - 7 scrolls of butterflies
 o - 5 scrolls of identify
 p - 2 scrolls of fear
Potions
 a - a potion of lignification
 b - 10 potions of curing
 c - 9 potions of heal wounds
 d - 6 potions of haste
 e - 7 potions of magic
 f - a potion of berserk rage
 h - 2 potions of brilliance
 i - 2 potions of invisibility
 j - 4 potions of resistance
 l - 5 potions of might
Miscellaneous
 A - a lightning rod (4/4)


   Skills:
 + Level 8.3 Fighting
 + Level 7.1 Dodging
 + Level 8.7 Unarmed Combat
 + Level 8.6 Spellcasting
 + Level 7.8 Transmutations


You had 13 spell levels left.
You knew the following spells:

 Your Spells              Type           Power      Damage    Failure   Level
a - Beastly Appendage     Tmut           60%        N/A       1%          1
b - Wereblood             Tmut           30%        N/A       1%          2
c - Spider Form           Tmut/Pois      18%        N/A       7%          3
d - Ice Form              Ice/Tmut       18%        N/A       22%         4

Your spell library contained the following spells:

 Spells                   Type           Power      Damage    Failure   Level


Dungeon Overview and Level Annotations

Branches:
Dungeon (1/1)

Altars:
Ashenzari
Cheibriados
Dithmenos
Elyvilon
Fedhas
Gozag
Hepliaklqana
Kikubaaqudgha
Makhleb
Nemelex Xobeh
Okawaru
Qazlal
Ru
Sif Muna
Trog
Uskayaw
Vehumet
Wu Jian
Xom
Yredelemnul
Zin
The Shining One
Jiyva
Lugonu

Annotations:
D 1 transporter


Innate Abilities, Weirdness & Mutations

You are a creature of crystalline ice.
You have a powerful freezing melee attack.
You are amphibious.
Your maximum health is increased.
Your armour is entirely melded.
You are incapable of wielding weapons or throwing items.
((You can breathe bolts of dispelling energy.))
((Your rich purple scales are hard. (AC +6)))
You cannot fit into any form of body armour.
((You are cold-blooded and may be slowed by cold attacks.))


Message History

The mummy hits you but does no damage.
You punch the mummy priest! You freeze the mummy priest.
The mummy priest is almost destroyed.
The guardian mummy misses you.
You pummel the mummy priest!! You freeze the mummy priest.
You destroy the mummy priest!
Okawaru is honoured by your kill.
You can now gain great but temporary skills.
Okawaru will now gift you throwing weapons as you gain piety.
You feel extremely nervous for a moment...
You feel horribly lethargic.
You feel yourself slow down.
Your Fighting skill gained 3 levels and is now at level 8!
Your Dodging skill gained 2 levels and is now at level 7!
Your Unarmed Combat skill gained 2 levels and is now at level 8!
Your Spellcasting skill gained 2 levels and is now at level 7!
Your Transmutations skill gained 2 levels and is now at level 7!
You have reached level 6!
Your scales feel tougher.
You have reached level 7!
Your scales start taking on a rich purple colour.
You learn Spellcasting much quicker.
Your Spellcasting skill increases to level 8!
You learn Hexes much quicker.
You learn Evocations quicker.
You can breathe bolts of dispelling energy.
Unknown command.
You barely miss the guardian mummy. The guardian mummy hits you!!
The mummy hits you!
* * * LOW HITPOINT WARNING * * *
You barely miss the guardian mummy. The guardian mummy hits you.
* * * LOW HITPOINT WARNING * * *
You barely miss the guardian mummy. The mummy hits you.
* * * LOW HITPOINT WARNING * * *
You hit the guardian mummy. You freeze the guardian mummy.
The guardian mummy is lightly damaged.
The guardian mummy hits you!
* * * LOW HITPOINT WARNING * * *
You barely miss the guardian mummy.
The guardian mummy is lightly damaged.
The mummy misses you. The guardian mummy hits you!!
You die...

▓▓▓▓▓▓▓▓▓▓▓▓▓
▓.8©8.▓.8©8.▓
▓.[|).▓.....▓
▓.....▓...).▓
▓...MM▓..)..▓
▓...Y.▓.....▓
▓.....▓.)©..▓
▓..©..▓▓▓▓▓▓▓
▓▓▓▓▓▓▓


You could see a guardian mummy and a mummy.

Vanquished Creatures
  A mummy priest (D)
  Sigmund (D)
  Jessica (D)
3 creatures vanquished.

Notes
Turn   | Place    | Note
-------+----------+-------------------------------------------
     0 | D        | rocky1 the Draconian Transmuter began the quest for the
                  | Orb.
     0 | D        | Reached XP level 1. HP: 16/16 MP: 3/3
     0 | D        | Found a shimmering blue altar of Sif Muna.
     0 | D        | Found a bloodstained altar of Trog.
     0 | D        | Found a sacrificial altar of Ru.
     0 | D        | Found a stormy altar of Qazlal.
     0 | D        | Found an iron altar of Okawaru.
     1 | D        | Found a sparkling altar of Nemelex Xobeh.
     1 | D        | Found a blossoming altar of Fedhas.
     1 | D        | Found the +6 Majin-Bo {vamp, MP+6 Int+6}
     1 | D        | Found the +9 heavy crossbow "Sniper" {vorpal, Acc+∞ SInv}
     1 | D        | Found the +10 dark maul {vorpal}
     1 | D        | Found the +15 Maxwell's patent armour {-Cast -Tele rElec
                  | Will+ rCorr}
     1 | D        | Found the +18 shield of the Gong {rElec rN+ Will+ EV-5}
     1 | D        | Found the +14 obsidian axe {vorpal, Mesm Drain Fly SInv}
     1 | D        | Found the +7 great mace "Firestarter" {inner flame, rF++}
     1 | D        | Found the +6 shillelagh "Devastator" {shatter}
     1 | D        | Found the +11 plutonium sword {Contam Stlth-}
     1 | D        | Found the +8 lance "Wyrmbane" {slay drac, rPois rF+ rC+
                  | AC+3}
     1 | D        | Found the +9 sword of Zonguldrok {reap}
     1 | D        | Found the +13 scythe of Curses {drain, Drain}
     1 | D        | Found the +5 sword of Power {vorpal}
     1 | D        | Found the +7 mace of Variability {chain chaos}
     1 | D        | Found the +7 Singing Sword {vorpal, sonic wave}
     1 | D        | Found the +8 storm bow {elec, penet}
     3 | D        | Found a transporter.
     3 | D        | Found an ancient bone altar of Kikubaaqudgha.
     3 | D        | Found a viscous altar of Jiyva.
     3 | D        | Found a corrupted altar of Lugonu.
     3 | D        | Found a hazy altar of Hepliaklqana.
     3 | D        | Found a burning altar of Makhleb.
     3 | D        | Found an opulent altar of Gozag.
    44 | D        | Reached skill level 5 in Unarmed Combat
    44 | D        | Reached XP level 2. HP: 26/26 MP: 4/6
   167 | D        | Learned a level 2 spell: Wereblood
   179 | D        | Became a worshipper of Warmaster Okawaru
   190 | D        | Entered arena 2.
   190 | D        | Noticed Sigmund
   190 | D        | Noticed Jessica
   190 | D        | Found a transporter.
   193 | D        | Killed Jessica
   194 | D        | Reached XP level 3. HP: 33/33 MP: 6/8
   197 | D        | Killed Sigmund
   198 | D        | Reached skill level 5 in Fighting
   198 | D        | Reached skill level 5 in Dodging
   198 | D        | Reached skill level 5 in Spellcasting
   198 | D        | Reached skill level 5 in Transmutations
   198 | D        | Reached XP level 4. HP: 44/44 MP: 7/11
   198 | D        | Reached XP level 5. HP: 50/50 MP: 7/12
   513 | D        | Got the ring of Voar Diu {Ice Stlth+}
   521 | D        | Learned a level 3 spell: Spider Form
   526 | D        | Learned a level 4 spell: Ice Form
   530 | D        | Entered arena 3.
   530 | D        | Noticed a mummy priest
   530 | D        | Noticed a guardian mummy
   530 | D        | Found a transporter.
   543 | D        | Killed a mummy priest
   543 | D        | Reached * piety under Okawaru
   543 | D        | Reached ** piety under Okawaru
   543 | D        | Reached *** piety under Okawaru
   544 | D        | Reached XP level 6. HP: 53/62 MP: 6/16
   544 | D        | Your scales start taking on a rich purple colour.
   544 | D        | Reached XP level 7. HP: 59/69 MP: 7/19
   548 | D        | Mangled by a guardian mummy

Illustrated notes

Levels and vault maps discovered:
D:        sprint_v [room_start, room_1, room_2, room_3, room_4, room_5, room_6,
          room_7, room_8, room_9, room_10, room_11, room_12, room_13, room_14,
          room_15, room_16, room_17, room_18, room_19, room_20, room_21,
          room_22, room_23, room_24, room_25, room_26, room_27]

Skill      XL: |  1  2  3  4  5  6 |
---------------+-------------------+-----
Fighting       | 3 5 8 |  8.3
Dodging        | 3 5 7 |  7.1
Unarmed Combat | 5 6 8 |  8.7
Spellcasting   | 3 5 7 8 |  8.6
Transmutations | 3 4 5 7 |  7.8

Action                   |  1- 3 |  4- 6 |  7- 9 || total
-------------------------+-------+-------+-------++-------
Melee: Unarmed           |     4 |     8 |     5 ||    17
       Kick              |     1 |       |       ||     1
       Tailslap          |     1 |       |       ||     1
 Cast: Beastly Appendage |     1 |       |       ||     1
       Ice Form          |       |     1 |       ||     1
  Use: Potion            |     2 |     2 |       ||     4
Armor: Skin              |       |     3 |       ||     3
Dodge: Dodged            |     1 |     8 |     1 ||    10

Table legend: (Time is in decaauts)
 A = Elapsed time spent in this place.
 B = Non-inter-level travel time spent in this place.
 C = Inter-level travel time spent in this place.
 D = Time resting spent in this place.
 E = Time spent auto-exploring this place.
 F = Levels seen in this place.
 G = Mean time per level.
                   A        B        C        D        E       F      G
               +--------+--------+--------+--------+--------+-----+--------+
         Total |    553 |    553 |      0 |    437 |      0 |   1 |  553.0 |
       Dungeon |    553 |    553 |      0 |    437 |      0 |   1 |  553.0 |
               +--------+--------+--------+--------+--------+-----+--------+

Top non-repeatable levels by time:
       D: 553 daAuts
